 Dungeon Crawl Stone Soup version 0.18-a0-1685-g4482fe3 (webtiles) character file.

184 dvd the Shield-Bearer (level 5, 0/42 HPs)
             Began as a Formicid Fighter on Apr 4, 2016.
             Slain by an ogre
             ... wielding a +0 giant club
              (22 damage)
             ... on level 4 of the Dungeon.
             The game lasted 00:07:51 (2968 turns).

dvd the Shield-Bearer (Formicid Fighter)            Turns: 2968, Time: 00:07:52

Health: 0/42       AC:  9    Str: 20    XL:     5   Next: 96%
Magic:  5/5        EV:  9    Int:  8    God:
Gold:   120        SH: 11    Dex: 11    Spells: 0 memorised, 4 levels left

rFire  . . .     SeeInvis +     a - +0 war axe
rCold  . . .     Gourm    .     h - +0 chain mail
rNeg   . . .     Faith    .     c - +1 shield
rPois  .         Spirit   .     (helmet unavailable)
rElec  .         Dismiss  +     (no cloak)
rCorr  .         Reflect  .     (no gloves)
SustAt .         Harm     .     (no boots)
MR     .....                    v - amulet of dismissal
Stlth  ..........               u - +3 ring of evasion
                                (no ring)

@: not resistant to hostile enchantments, extremely unstealthy
A: permanent stasis, dig shafts and tunnels, four strong arms, antennae 3
a: Dig, Shaft Self


You were on level 4 of the Dungeon.
You were very hungry.

You visited 1 branch of the dungeon, and saw 5 of its levels.

You collected 120 gold pieces.

Inventory:

Hand Weapons
 a - a +0 war axe (weapon)
 i - a +0 quarterstaff
 k - a +0 arbalest
Missiles
 n - 4 tomahawks (quivered)
Armour
 b - a +0 scale mail
 c - a +1 shield (worn)
 h - a +0 chain mail (worn)
Jewellery
 u - a +3 ring of evasion (right hand)
 v - an amulet of dismissal (around neck)
Scrolls
 e - 5 scrolls of identify
 g - a scroll of fear
 s - a scroll of recharging
Potions
 d - 2 potions of might
 j - 2 potions of heal wounds {unknown}
 m - a potion of cancellation {unknown}
 p - a potion of cure mutation {unknown}
 q - a potion of flight
 r - 2 potions of degeneration {unknown}
 t - 4 potions of curing {unknown}
 z - 2 potions of haste {unknown}
Books
 x - a book of Spatial Translocations

   Spells                             Type                      Level
   a - Apportation                    Translocation                1
   b - Blink                          Translocation                2
   c - Shroud of Golubria             Charms/Translocation         2
   d - Portal Projectile              Translocation                3
   e - Teleport Other                 Translocation                3
   f - Passage of Golubria            Translocation                4
Comestibles
 f - 2 bread rations
 l - 4 beef jerkies
 o - 5 fruits


   Skills:
 + Level 3.9 Fighting
 + Level 2.8 Axes
 + Level 4.4 Armour
 + Level 1.6 Dodging
 + Level 4.9 Shields


You had 4 spell levels left.
You didn't know any spells.

Dungeon Overview and Level Annotations

Branches:
Dungeon (5/15)
 Temple: D:4-7

Altars:
Trog


Innate Abilities, Weirdness & Mutations

You are under a permanent stasis effect.
You can dig through walls and to a lower floor.
Your four strong arms can wield two-handed weapons with a shield.
You have a pair of large antennae on your head (SInv).


Message History

s - a scroll of recharging You open the door.
There is an open door here.
There is a stone staircase leading up here.
You climb upwards.
The ogre closely misses you.
There is a stone staircase leading down here.
You hit the ogre.
The ogre is lightly wounded.
The ogre hits you with a giant club!!
You slash the ogre!
The ogre is heavily wounded.
The ogre hits you but does no damage.
You hit the ogre.
The ogre is heavily wounded.
The ogre closely misses you.
You hit the ogre but do no damage.
The ogre is heavily wounded.
The ogre misses you. The ogre hits you with a giant club!!
Ouch! That really hurt!
You die...

### ###.# #.#
..#####.#####.#
#.##..........#
#.##.##..####.#
#.#..########.#
#...##......###
#.###........#
#####.###...##...#
#....@O.'..####..#
#.....####..#..####..#
.^....>.?
#.##...##...#
.#.......#
#.##........#
.........#
#..##......##
.........# ###
######## .........#
##.......#


You could see an ogre.

Vanquished Creatures
  A crimson imp (D:5)
  7 adders
  An ooze (D:2)
  2 dart slugs (D:1)
  4 giant geckos
  3 orcs
  2 ball pythons
  8 bats
  5 giant cockroaches
  13 goblins
  5 hobgoblins
  3 jackals (D:3)
  A quokka (D:3)
  A giant newt (D:1)
  5 kobolds
  9 rats
70 creatures vanquished.

Notes
Turn   | Place    | Note
--------------------------------------------------------------
     0 | D:1      | dvd the Formicid Fighter began the quest for the Orb.
     0 | D:1      | Reached XP level 1. HP: 18/18 MP: 1/1
   265 | D:1      | Reached XP level 2. HP: 11/24 MP: 2/2
   665 | D:1      | Reached XP level 3. HP: 29/29 MP: 3/3
  1079 | D:2      | Reached XP level 4. HP: 26/35 MP: 4/4
  1498 | D:2      | Found a bloodstained altar of Trog.
  2017 | D:3      | Reached skill level 1 in Dodging
  2017 | D:3      | Reached XP level 5. HP: 42/42 MP: 5/5
  2381 | D:4      | Noticed an ogre
  2477 | D:5      | Entered Level 5 of the Dungeon
  2802 | D:5      | Noticed a giant frog
  2968 | D:4      | Slain by an ogre

Vault maps used:
D:1:      nagdon_arrival_zigzag_paths
D:2:      bloody_trog
D:4:      nicolae_overflow_crystal_walls, yredelemnul_altar_generic,
          minmay_temple_entry_mist, first_bread, kennysheep_another_room,
          nrook_mini_backslash

Skill      XL: |  1  2  3  4 |
---------------+-------------+-----
Shields        | 4 |  4.9
Armour         | 4 |  4.4
Dodging        | 1 |  1.6
Fighting       | |  3.9
Axes           | |  2.8

Action                   |  1- 3 |  4- 6 || total
-------------------------+-------+-------++-------
Melee: War axe           |    69 |   208 ||   277
  Use: Scroll            |       |    11 ||    11
  Eat: Chunk             |     1 |     5 ||     6
